AoeStats
← 5coinz

Arabia

510198053Analyzed
1v1 RM · 16h ago on Sep 29, 2026· 61m 39s· 2 players
Game mode
Random Map
Map size
Tiny (2 player)
Population
200
Speed
Normal
Resources
Standard
Victory
Conquest
Starting age
Dark Age
Ending age
Imperial Age
RankedLock teamsTeams togetherTeam positionsShared explorationLock speedFull tech treeHidden civsTurbo modeCheats
Victory
Defeat
🇧🇬 Bulgarians · Bulgaria
551
+18
🇪🇸 Byzantines · Spain
590
-18
5coinz
10:55 Feudal Age
13:02 Wheelbarrow
13:39 Horse Collar
16:44 Forging
18:11 Scale Mail Armor
18:19 Arson
19:23 Bloodlines
21:07 Loom
25:18 Scale Barding Armor
28:06 Castle Age
28:37 Light Cavalry
29:41 Hand Cart
30:37 Husbandry
33:17 Double-Bit Axe
33:35 Heavy Plow
37:30 Gambesons
37:50 Squires
42:28 Imperial Age
42:54 Pikeman
43:00 Cavalier
47:00 Stirrups
47:08 Bagains
54:48 Iron Casting
MatuchiPica
5:05 Loom
12:00 Feudal Age
20:02 Padded Archer Armor
19:52 Fletching
26:18 Horse Collar
26:26 Double-Bit Axe
30:51 Castle Age
30:58 Crossbowman
32:24 Pikeman
33:04 Squires
34:01 Thumb Ring
38:56 Bodkin Arrow
41:50 Gold Mining
41:50 Stone Mining
43:28 Heavy Plow
53:01 Bow Saw
54:04 Ballistics
Connection lost

Rejoining the realm…

Still unreachable

The connection could not be restored.

Session expired

The server has moved on; the page needs a fresh start.